 Dungeon Crawl Stone Soup version 0.24-a0-375-g4de66ed42b (webtiles) character file.

Game seed: 10569463478990759963

590110 Avack the Hoplite (level 25, -10/258 HPs)
             Began as a Minotaur Berserker on May 30, 2019.
             Was the Champion of Trog.
             Mangled by a titanic slime creature (31 damage)
             ... on level 3 of the Pits of Slime on May 31, 2019.
             The game lasted 03:42:35 (54526 turns).

Avack the Hoplite (Minotaur Berserker)             Turns: 54526, Time: 03:42:36

Health: -10/258    AC: 22    Str: 32    XL:     25   Next: 64%
Magic:  34/34      EV: 16    Int:  4    God:    Trog [******]
Gold:   6336       SH:  0    Dex: 14    Spells: 24/24 levels left

rFire    + + +     SeeInvis +   b - +3 broad axe (vamp)
rCold    + . .     Gourm    .   j - +0 large shield
rNeg     + + .     Faith    .   Z - +0 gold dragon scales
rPois    +         Spirit   .   (helmet unavailable)
rElec    .         Reflect  +   n - +2 cloak {+Inv}
rCorr    .         Harm     .   B - +2 pair of gloves "Yloinanlad" {-Cast rF+ Slay+6}
MR       +....     NoCast   +   V - +0 pair of boots of Supple Strength {Slay+2}
Stlth    ..........             g - +2 amulet of reflection
HPRegen  0.53/turn              r - ring of Ofawyo {rN+ Slay+2}
MPRegen  0.24/turn              T - ring of Decsuja {rF+ rN+ SInv}

@: confused, corroded
A: retaliatory headbutt, horns 3, robust 1, strong 1
}: 4/15 runes: serpentine, barnacled, silver, abyssal
a: Berserk, Trog's Hand, Brothers in Arms, Renounce Religion, Evoke Invisibility


You were on level 3 of the Pits of Slime.
You worshipped Trog.
Trog was exalted by your worship.
You were not hungry.

You visited 9 branches of the dungeon, and saw 47 of its levels.
You visited the Abyss 1 time.
You also visited: Desolation.

You collected 8244 gold pieces.
You spent 1908 gold pieces at shops.

Inventory:

Hand Weapons
 a - a +8 vampiric demon whip
 b - a +3 vampiric broad axe (weapon)
 c - the +5 demon whip "Spellbinder" {antimagic, MR+}
   (You found it on level 2 of the Vaults)

   It reduces the magical energy of the wielder, and disrupts the spells and
   magical abilities of those hit.
   Natural abilities and divine invocations are not affected.
   It affects your resistance to hostile enchantments.
Missiles
 y - 59 silver javelins (quivered)
 M - 9 curare-tipped darts
Armour
 j - a +0 large shield (worn)
 n - a +2 cloak of invisibility (worn)
 B - the +2 pair of gloves "Yloinanlad" (worn) {-Cast rF+ Slay+6}
   (You found it on level 4 of the Depths)

   It affects your accuracy and damage with ranged weapons and melee attacks
   (+6).
   It protects you from fire.
   It prevents spellcasting.
 V - the +0 pair of boots of Supple Strength (worn) {Slay+2}
   (You found it in the Desolation of Salt)

   It affects your accuracy and damage with ranged weapons and melee attacks
   (+2).
 Z - +0 gold dragon scales (worn)
Jewellery
 g - a +2 amulet of reflection (around neck)
 h - the ring "Saufuomopi" {Ice rElec}
   (You found it on level 4 of the Depths)

   [ring of ice]

   It enhances your ice magic.
   It makes you vulnerable to fire.
   It protects you from cold.
   It insulates you from electricity.
 r - the ring of Ofawyo (left hand) {rN+ Slay+2}
   (You found it on level 4 of the Shoals)

   [ring of positive energy]

   It affects your accuracy and damage with ranged weapons and melee attacks
   (+2).
   It protects you from negative energy.
 K - an uncursed ring of flight
 T - the ring of Decsuja (right hand) {rF+ rN+ SInv}
   (You took it off a deep elf sorcerer on level 3 of the Elven Halls)

   [ring of see invisible]

   It protects you from fire.
   It protects you from negative energy.
   It lets you see invisible.
 X - an uncursed ring of protection from magic
 Y - the ring "Woihiagh" {rC+ Dex+3}
   (You found it on level 4 of the Shoals)

   [ring of protection from cold]

   It affects your dexterity (+3).
   It protects you from cold.
Wands
 l - a wand of iceblast (77)
 C - a wand of digging (14)
 D - a wand of enslavement (13)
 I - a wand of scattershot (17)
 J - a wand of clouds (3)
 P - a wand of acid (22)
 U - a wand of paralysis (34)
Scrolls
 d - 25 scrolls of remove curse
 k - a scroll of silence
 s - a scroll of fear
 t - 4 scrolls of immolation
 u - 4 scrolls of magic mapping
 x - 4 scrolls of blinking
 z - 9 scrolls of teleportation
 E - 4 scrolls of enchant weapon
 F - 13 scrolls of fog
 Q - 7 scrolls of identify
Potions
 e - 17 potions of curing
 i - 7 potions of might
 m - 4 potions of cancellation
 o - 6 potions of agility
 q - a potion of heal wounds
 w - 3 potions of invisibility
 A - 2 potions of resistance
 G - 4 potions of haste
 L - 3 potions of brilliance
 N - 2 potions of berserk rage
 R - 6 potions of mutation
Miscellaneous
 p - 2 boxes of beasts
 v - a fan of gales
 H - a sack of spiders
 O - a phial of floods
 S - a phantom mirror
Comestibles
 W - 68 rations


   Skills:
 + Level 21.3 Fighting
 - Level 16.0(18.0) Axes
 - Level 14.2(17.0) Maces & Flails
 - Level 16.0 Throwing
 + Level 22.2 Armour
 - Level 16.5 Dodging
 - Level 8.0 Stealth
 * Level 24.3 Shields
 + Level 16.3 Evocations


You had 24 spell levels left.
You didn't know any spells.
Your spell library was empty.

Dungeon Overview and Level Annotations

Branches:
Dungeon (15/15)            Temple (0/1) D:4            Lair (6/6) D:11
 Shoals (4/4) Lair:4        Snake (4/4) Lair:3        Slime (3/5) Lair:5
    Orc (2/2) D:11            Elf (3/3) Orc:2        Vaults (4/5) D:14
  Crypt (0/3) Vaults:2     Depths (5/5) D:15            Zot (0/5) Depths:5

Altars:
Ashenzari
Dithmenos
Hepliaklqana
Kikubaaqudgha
Okawaru
Ru
Trog
Uskayaw
Xom
Yredelemnul
The Shining One
Beogh

Shops:
D:4 [   D:11 (?(!   D:12 [   D:14 *   Orc:1 *   Orc:2 (:%(   Elf:1 ([*[
Snake:2 (   Snake:3 [[}!   Vaults:1 [   Vaults:4 *

Portals:
Hell: Depths:1 Depths:2 Depths:3 Depths:4 Depths:5
Abyss: Depths:4
Pandemonium: Depths:1 Depths:3
Ziggurat: Depths:4
Trove: Elf:1 (give 20 scrolls of identify)

Annotations:
Shoals:3 exclusion: oklob plant
Snake:3 3 runed translucent doors, exclusion: Roxanne, Emealox's ghost, adept SpWn; Musoz's ghost, adept MfIE; Roxanne


Innate Abilities, Weirdness & Mutations

You reflexively headbutt those who attack you in melee.
You have a pair of large horns on your head.
You are robust. (+10% HP)
Your muscles are strong. (Str +2)


Message History

Okay, then.
Evoke which item? (* to show all) (? for menu, Esc to quit)
Okay, then.
Okay, then.
Okay, then.
You're too confused!
You feel much better.
The azure jelly jiggles.
The azure jelly completely misses you.
The azure jelly hits you but does no damage. x2
The azure jelly barely misses you.
The azure jelly hits you but does no damage.
The azure jelly misses you. The azure jelly hits you.
* * * LOW HITPOINT WARNING * * *
The azure jelly completely misses you. The golden eye blinks at you.
You are more confused.
The enormous slime creature barely misses you.
The slime creature closely misses you. The titanic slime creature hits you!!
You die...

... ..# #.. ###
.. ..##...
J#.....#......#
ยง.... .......#
.............##
......#.......#
.GJ...JJJ.....#
.....GJ@J......
......J..#....#
...#.#.### ###
# # ##


You could see 2 azure jellies, a titanic slime creature, an enormous slime
creature, a very large slime creature, 3 slime creatures and 2 golden eyes.

Vanquished Creatures
  Mennas (Depths:3)
  2 juggernauts
  Sojobo (Depths:2)
  Margery (Vaults:4)
  2 golden dragons
  6 caustic shrikes
  Nikola (Vaults:1)
  A bone dragon (Abyss:4)
  8 tentacled monstrosities
  A lich (Vaults:4)
  2 deep elf blademasters (Elf:3)
  Asterion (Vaults:2)
  4 titans
  2 deep elf master archers (Elf:3)
  2 acid blobs
  An Executioner (Abyss:4)
  A kraken (Abyss:4)
  2 tentacled starspawn (Abyss:2)
  5 sphinxes
  Agnes (Snake:3)
  3 shadow dragons
  Kirke (Lair:4)
  A storm dragon (Depths:4)
  4 tengu reavers
  5 nagarajas
  10 fire giants
  12 frost giants
  3 azure jellies
  3 imperial myrmidons (Desolation)
  3 iron dragons (Vaults:5)
  7 deep elf sorcerers
  2 balrugs
  17 vault wardens
  Louise (Elf:3)
  An orc warlord (Orc:2)
  A draconian knight (Depths:5)
  An emperor scorpion (Depths:2)
  13 ironheart preservers
  2 draconian stormcallers
  A ghost moth (shapeshifter) (Vaults:4)
  2 deep elf elementalists
  2 war gargoyles
  2 spriggan defenders (Depths:5)
  A reaper (Abyss:4)
  Azrael (Orc:2)
  18 stone giants
  16 very ugly things
  2 halazid warlocks (Desolation)
  5 deep elf demonologists
  A black draconian (Depths:5)
  2 vampire knights
  7 deep elf annihilators (Elf:3)
  A minotaur (Elf:2)
  A dire elephant (shapeshifter) (Vaults:5)
  2 white draconians (Depths:5)
  4 spark wasps (Depths:3)
  2 red draconians (Depths:5)
  2 eidola
  7 merfolk javelineers
  A blizzard demon (Abyss:2)
  14 fire dragons
  A minotaur (shapeshifter) (Depths:2)
  The ghost of MisterFreud the Nimble, a journeyman OpTm of Cheibriados (Orc:2)
  Snorg (Lair:3)
  13 ettins
  3 deep elf death magi
  Josephine (Lair:4)
  6 ragged hierophants (Desolation)
  2 crystal guardians (Desolation)
  14 merfolk impalers
  3 deep elf high priests (Vaults:5)
  7 ice dragons
  Harold (D:9)
  8 great orbs of eyes
  A quicksilver dragon skeleton (Abyss:3)
  13 yaktaur captains
  11 rakshasas
  10 hydras
  8 servants of whispers (Desolation)
  12 naga warriors
  A monstrous demonspawn (Depths:3)
  12 peacekeepers
  4 catoblepae
  15 centaur warriors
  28 vault guards
  A shambling mangrove (Abyss:4)
  3 spriggan air magi
  An alligator snapping turtle (Shoals:4)
  2 death knights
  2 anacondas
  5 merfolk aquamancers
  15 ogre magi
  9 deep troll shamans
  51 two-headed ogres
  13 deep troll earth magi
  2 satyrs (Shoals:2)
  3 tengu warriors
  A vampire mage (Depths:4)
  23 dancing weapons
  6 small abominations
  2 shock serpents
  6 spriggan berserkers
  10 thrashing horrors (Abyss:4)
  Urug (Lair:4)
  16 death yaks
  15 naga sharpshooters
  A titan zombie (Abyss:4)
  3 sun demons
  2 sixfirhies
  2 wretched stars (Abyss:4)
  15 deep elf knights
  A fire crab (Abyss:4)
  A salamander mystic (Snake:1)
  6 iron trolls
  11 hell knights
  An unseen horror (shapeshifter) (Depths:2)
  2 unseen horrors
  A flayed ghost (Vaults:4)
  14 sea snakes
  A spatial maelstrom (Abyss:2)
  9 deep elf archers
  34 deep trolls
  A golden dragon zombie (Depths:3)
  9 wizards
  11 large abominations
  A lindwurm (shapeshifter) (Depths:2)
  3 phantasmal warriors (Vaults:5)
  9 naga ritualists
  A tengu zombie (Depths:3)
  A harpy (shapeshifter) (Vaults:3)
  6 glowing orange brains
  12 starcursed masses
  8 orc knights
  10 ironbrand convokers
  Pikel (D:6)
  45 deep elf magi
  6 necromancers
  31 harpies
  2 oklob plants (Lair:5)
  8 mana vipers
  2 wolf spiders
  2 wolf spiders (shapeshifter)
  30 ugly things
  2 tengu skeletons
  A faun (shapeshifter) (Depths:2)
  14 cyclopes
  2 shining eyes (Slime:2)
  2 orc sorcerers
  5 salamanders
  27 manticores
  A worldbinder (Abyss:2)
  An iron dragon zombie (Depths:3)
  15 fauns
  2 moths of wrath (shapeshifter)
  2 salamanders (shapeshifter) (Depths:2)
  7 merfolk sirens
  6 water nymphs
  6 elephants
  2 apocalypse crabs (Abyss:4)
  17 vault sentinels
  A water nymph (shapeshifter) (Depths:4)
  31 black mambas
  2 guardian serpents
  27 naga magi
  6 smoke demons
  A fire giant skeleton (Depths:2)
  An orange demon (Abyss:4)
  A torpor snail (Elf:2)
  A torpor snail (shapeshifter) (Depths:2)
  5 spectral swamp worms (Depths:1)
  2 gargoyles
  A storm dragon simulacrum (Depths:3)
  A hellion (Abyss:2)
  4 centaur skeletons (D:15)
  10 spiny frogs
  2 rime drakes (shapeshifter)
  3 rime drakes
  A spriggan skeleton (Depths:2)
  15 komodo dragons
  5 freezing wraiths
  37 yaktaurs
  A hellwing (Abyss:2)
  2 komodo dragons (shapeshifter)
  4 guardian mummies (D:12)
  2 jumping spiders (shapeshifter)
  A red devil (Depths:3)
  2 tengu conjurers
  33 merfolk
  3 ancient zymes (Abyss:4)
  2 queen bees (shapeshifter) (Depths:2)
  A meliai (shapeshifter) (Depths:2)
  3 polar bears
  17 trolls
  6 wind drakes
  A tyrant leech (shapeshifter) (Depths:3)
  A wind drake (shapeshifter) (Vaults:5)
  9 hornets
  13 blink frogs
  3 blink frogs (shapeshifter)
  2 raiju (shapeshifter)
  75 slime creatures
  48 saltlings (Desolation)
  Prince Ribbit (D:7)
  13 hippogriffs
  10 raiju
  12 snapping turtles
  2 stone giant simulacra
  2 centaur simulacra
  A frost giant simulacrum (Depths:2)
  4 air elementals
  8 spriggans
  A ynoxinul (Abyss:4)
  5 wyverns
  2 tarantellas (shapeshifter)
  An ice dragon skeleton (Abyss:2)
  2 shadows
  36 yaks
  A hog (shapeshifter) (D:13)
  5 wraiths
  16 humans
  A hungry ghost (D:8)
  5 hogs
  7 basilisks
  Grum (D:9)
  36 water elementals
  3 golden eyes (Slime:2)
  A spatial vortex (Abyss:2)
  3 neqoxecs
  7 fire elementals
  A human simulacrum (Vaults:1)
  4 vampire mosquitoes (D:15)
  13 wargs
  2 steam dragons
  A soldier ant (D:11)
  40 nagas
  4 acid dragons
  A floating eye (Depths:3)
  6 hell hounds
  14 water moccasins
  A floating eye (shapeshifter) (Vaults:5)
  Duvessa (D:4)
  13 porcupines
  24 orc warriors
  A black bear (shapeshifter) (Depths:2)
  5 ice beasts
  2 slaves (D:6)
  3 sky beasts
  A black bear (D:9)
  An ettin simulacrum (Vaults:2)
  2 phantoms
  13 wolves
  4 eyes of draining
  19 centaurs
  An ogre (shapeshifter) (D:15)
  A boggart (Depths:3)
  48 ogres
  5 crocodiles
  A bullfrog (shapeshifter) (Depths:2)
  13 bullfrogs
  2 earth elementals
  A human skeleton (Vaults:1)
  Dowan (D:4)
  2 wyvern skeletons
  4 scorpions
  3 killer bees (D:8)
  An electric eel (D:9)
  19 wights
  3 howler monkeys
  6 crimson imps
  6 quasits
  3 bullfrog zombies
  3 centaur zombies
  A lava snake (D:14)
  22 orc priests
  2 iron imps
  4 jellies
  4 hounds
  26 orc wizards
  2 bullfrog skeletons
  3 iguanas
  Jessica (D:2)
  11 worker ants
  3 polar bear simulacra (Lair:6)
  9 hell rats (Lair:3)
  4 yak simulacra (Lair:6)
  A killer bee zombie (D:9)
  3 wolf simulacra (Lair:6)
  A bullfrog simulacrum (D:13)
  Robin (D:4)
  4 mummies (D:12)
  2 worker ant zombies
  10 gnolls
  A howler monkey skeleton (D:11)
  12 adders
  12 river rats (Lair:3)
  5 shadow imps
  4 ufetubi
  2 oozes (D:3)
  An adder skeleton (D:4)
  4 worms
  A worm (shapeshifter) (Depths:2)
  2 dart slugs
  5 leopard geckos
  87 orcs
  5 giant cockroaches
  13 goblins
  14 hobgoblins
  7 jackals
  8 kobolds
  8 quokkas
  2 ball pythons
  10 bats
  4 frilled lizards
  18 rats
  A river rat simulacrum (Lair:6)
  5 fungi
  2 plants (Lair:1)
  4 starspawn tentacles (Abyss:2)
  4 tentacles (Abyss:4)
2233 creatures vanquished.

Vanquished Creatures (collateral kills)
  Vashnia (Snake:3)
  2 vault wardens
  A deep elf sorcerer (Elf:3)
  A deep elf elementalist (Elf:3)
  An ironheart preserver (Vaults:5)
  A large abomination (Elf:3)
  5 deep elf demonologists (Elf:3)
  A deep elf annihilator (Elf:3)
  A yaktaur captain (Vaults:2)
  2 deep elf death magi (Elf:3)
  2 deep elf high priests (Elf:3)
  A vault guard (Vaults:2)
  An ice dragon (Vaults:1)
  4 two-headed ogres
  An ogre mage (Vaults:5)
  5 naga sharpshooters (Snake:3)
  A hell knight (Depths:1)
  Nergalle (D:11)
  A glowing orange brain (shapeshifter) (Vaults:5)
  A deep elf archer (Vaults:2)
  An ironbrand convoker (Vaults:2)
  A deep elf mage (Vaults:2)
  A salamander (Snake:3)
  A vault sentinel (Vaults:1)
  3 yaktaurs
  3 rime drakes (Lair:4)
  A slime creature (Vaults:2)
  7 hippogriffs (Lair:4)
  3 wyverns (Lair:4)
  3 basilisks (Lair:4)
  3 humans (D:14)
  An acid dragon (Vaults:2)
  A hell hound (Lair:4)
  2 orc warriors
  2 ogres
  3 orcs
70 creatures vanquished.

Vanquished Creatures (others)
  A yellow draconian (Depths:5)
  A rakshasa (Depths:4)
  A wizard (Depths:3)
  2 slime creatures (Vaults:1)
  A naga mage (Snake:4)
  A yaktaur (Depths:5)
  A fire bat (Abyss:4)
  2 ball lightnings
  An orc (D:13)
  10 fungi
  29 plants
  2 starspawn tentacles (Abyss:2)
  12 tentacles (Abyss:4)
  5 withered plants (Snake:3)
69 creatures vanquished.

Grand Total: 2372 creatures vanquished

Notes
Turn   | Place    | Note
-------+----------+-------------------------------------------
     0 | D:1      | Avack the Minotaur Berserker began the quest for the Orb.
     0 | D:1      | Reached XP level 1. HP: 19/19 MP: 0/0
   100 | D:1      | Reached XP level 2. HP: 24/26 MP: 1/1
   131 | D:1      | Reached skill level 1 in Throwing
  1003 | D:2      | Reached skill level 5 in Maces & Flails
  1003 | D:2      | Reached XP level 3. HP: 20/31 MP: 2/2
  1126 | D:2      | Found a glowing golden altar of the Shining One.
  1195 | D:2      | Found a hide-covered altar of Uskayaw.
  1343 | D:2      | Reached ** piety under Trog
  1355 | D:2      | Found a shimmering altar of Xom.
  1355 | D:2      | Found a shimmering altar of Xom.
  1356 | D:2      | Found a shimmering altar of Xom.
  1357 | D:2      | Found a shimmering altar of Xom.
  1357 | D:2      | Found a shimmering altar of Xom.
  1406 | D:2      | Reached XP level 4. HP: 38/39 MP: 3/3
  1580 | D:2      | Noticed Jessica
  1587 | D:2      | Killed Jessica
  1762 | D:3      | Reached XP level 5. HP: 44/45 MP: 4/4
  2013 | D:3      | Noticed an ogre
  2020 | D:3      | Killed an ogre
  2020 | D:3      | Reached XP level 6. HP: 51/51 MP: 5/5
  2324 | D:3      | Reached *** piety under Trog
  3030 | D:4      | Noticed Duvessa
  3030 | D:4      | Noticed Dowan
  3160 | D:4      | Killed Duvessa
  3160 | D:4      | Reached XP level 7. HP: 57/57 MP: 6/6
  3171 | D:4      | Killed Dowan
  3229 | D:4      | Reached skill level 10 in Maces & Flails
  3425 | D:4      | Noticed Robin
  3448 | D:4      | Received a gift from Trog
  3473 | D:4      | Killed Robin
  3505 | D:4      | Found Fodug's Armour Shop.
  3587 | D:4      | Found a staircase to the Ecumenical Temple.
  3893 | D:5      | Entered Level 5 of the Dungeon
  4098 | D:5      | Reached **** piety under Trog
  4127 | D:5      | Reached XP level 8. HP: 35/64 MP: 7/7
  4469 | D:5      | Found a bloodstained altar of Trog.
  4885 | D:6      | Noticed Pikel
  4925 | D:6      | Killed Pikel
  5692 | D:7      | Noticed a hippogriff
  5805 | D:7      | Reached XP level 9. HP: 70/70 MP: 8/8
  5880 | D:7      | Noticed Prince Ribbit
  5894 | D:7      | Killed Prince Ribbit
  5903 | D:7      | Reached skill level 1 in Shields
  5912 | D:7      | Reached skill level 2 in Shields
  5930 | D:7      | Reached skill level 5 in Fighting
  5930 | D:7      | Reached skill level 3 in Shields
  5947 | D:7      | Reached skill level 4 in Shields
  5984 | D:7      | Found a shattered altar of Ashenzari.
  6113 | D:7      | Reached skill level 5 in Armour
  6450 | D:7      | Found a shadowy altar of Dithmenos.
  6995 | D:8      | Reached skill level 5 in Shields
  6995 | D:8      | Reached XP level 10. HP: 75/84 MP: 9/9
  7268 | D:9      | Noticed Grum
  7295 | D:8      | Reached skill level 6 in Shields
  7335 | D:9      | Killed Grum
  7460 | D:9      | Reached ***** piety under Trog
  7771 | D:9      | Reached skill level 7 in Shields
  7925 | D:9      | Noticed Harold
  7945 | D:9      | Killed Harold
  8018 | D:9      | Reached skill level 8 in Shields
  8162 | D:10     | Entered Level 10 of the Dungeon
  8469 | D:10     | Reached XP level 11. HP: 95/95 MP: 10/10
  8562 | D:10     | Found a hazy altar of Hepliaklqana.
  8668 | D:10     | Found a roughly hewn altar of Beogh.
  9189 | D:11     | Found a staircase to the Orcish Mines.
  9189 | D:11     | Found Qeghait's Weapon Shoppe.
  9213 | D:11     | Noticed Nergalle
  9222 | D:11     | Killed Nergalle
  9236 | D:11     | Bought 3 curare-tipped darts for 19 gold pieces
  9268 | D:11     | Bought a +1 vampiric broad axe for 209 gold pieces
  9397 | D:11     | Reached skill level 1 in Axes
  9550 | D:11     | Found a staircase to the Lair.
  9584 | D:11     | Received a gift from Trog
  9603 | D:11     | Paralysed by a hornet for 1 turns
  9850 | D:11     | Found Puhea's Antique Weapon Shoppe.
 10022 | D:11     | Found Piaxinif's Magic Scroll Emporium.
 10108 | D:11     | Found Jufav's Distillery.
 10194 | D:12     | Reached skill level 5 in Axes
 10382 | D:12     | Reached ****** piety under Trog
 10544 | D:12     | Killed an unseen horror
 10559 | D:12     | Found Tonkaj's Armour Boutique.
 10622 | D:12     | Noticed a reaper
 10622 | D:12     | Noticed a reaper
 10622 | D:12     | Noticed a reaper
 10622 | D:12     | Noticed a reaper
 10622 | D:12     | Noticed a reaper
 10676 | Lair:1   | Entered Level 1 of the Lair of Beasts
 11119 | Lair:1   | Noticed an eight-headed hydra
 11125 | Lair:1   | Killed an eight-headed hydra
 11125 | Lair:1   | Reached skill level 10 in Axes
 11372 | Lair:1   | Reached XP level 12. HP: 93/103 MP: 11/11
 11439 | Lair:2   | Received a gift from Trog
 11636 | Lair:2   | Noticed a seven-headed hydra
 11641 | Lair:2   | Killed a seven-headed hydra
 12596 | Lair:3   | Noticed Snorg
 12606 | Lair:3   | Killed Snorg
 12822 | Lair:3   | Found a staircase to the Snake Pit.
 13143 | Lair:4   | Received a gift from Trog
 13302 | Lair:4   | Noticed a four-headed hydra
 13320 | Lair:4   | Killed a four-headed hydra
 13320 | Lair:4   | Reached skill level 15 in Axes
 13337 | Lair:4   | Reached XP level 13. HP: 108/108 MP: 12/12
 13627 | Lair:4   | Noticed Kirke
 13664 | Lair:4   | Killed Kirke
 13664 | Lair:4   | Reached skill level 5 in Throwing
 13756 | Lair:4   | Found a staircase to the Shoals.
 13816 | Lair:4   | Noticed Urug
 13837 | Lair:4   | Killed Urug
 14038 | Lair:4   | Noticed Josephine
 14048 | Lair:4   | Killed Josephine
 14304 | Lair:5   | Found an iron altar of Okawaru.
 14357 | Lair:5   | Received a gift from Trog
 15110 | Lair:5   | Reached skill level 10 in Throwing
 15341 | Lair:6   | Entered Level 6 of the Lair of Beasts
 15453 | Lair:6   | Reached XP level 14. HP: 116/116 MP: 13/13
 15755 | Lair:6   | Received a gift from Trog
 16833 | Orc:1    | Entered Level 1 of the Orcish Mines
 16861 | Orc:1    | Found Wusucaxa's General Store.
 17177 | Orc:2    | Entered Level 2 of the Orcish Mines
 17189 | Orc:2    | Found a runed translucent door.
 17189 | Orc:2    | Noticed MisterFreud's ghost (journeyman OpTm)
 17216 | Orc:2    | Killed MisterFreud's ghost
 17304 | Orc:2    | Noticed Azrael
 17327 | Orc:2    | Killed Azrael
 17327 | Orc:2    | Received a gift from Trog
 17465 | Orc:2    | Found a roughly hewn altar of Beogh.
 17557 | Orc:2    | Found a staircase to the Elven Halls.
 17559 | Orc:2    | Found Duchylem's Book Shop.
 17573 | Orc:2    | Reached skill level 15 in Throwing
 17847 | Orc:2    | Reached XP level 15. HP: 98/123 MP: 14/14
 18290 | Orc:2    | Paralysed by an ogre mage for 2 turns
 18347 | Orc:2    | Found Ceabi's Antique Weapon Shoppe.
 18367 | Orc:2    | Found Qurap's Antique Weapon Boutique.
 18388 | Orc:2    | Found Dohyvol's Food Shop.
 18461 | Orc:1    | Noticed an orc warlord
 18474 | Orc:2    | Reached skill level 1 in Evocations
 19064 | Orc:2    | Killed an orc warlord
 19111 | Orc:1    | Received a gift from Trog
 19698 | D:13     | Reached skill level 5 in Evocations
 20759 | D:13     | Received a gift from Trog
 20973 | D:14     | Found Lotanath's Assorted Antiques.
 21527 | D:14     | Paralysed by a wizard for 7 turns
 21554 | D:14     | Found a gate to the Vaults.
 21789 | D:15     | Entered Level 15 of the Dungeon
 21823 | D:15     | Reached XP level 16. HP: 129/129 MP: 22/22
 21860 | D:15     | Reached skill level 10 in Evocations
 21949 | D:15     | Reached skill level 9 in Shields
 21973 | D:15     | Received a gift from Trog
 22047 | D:15     | Found a sacrificial altar of Ru.
 22606 | D:15     | Found a staircase to the Depths.
 22956 | Snake:1  | Entered Level 1 of the Snake Pit
 23064 | Snake:1  | Reached skill level 10 in Shields
 23272 | Snake:1  | Reached skill level 10 in Fighting
 23755 | Snake:2  | Reached skill level 10 in Armour
 23907 | Snake:2  | Found Toriuli's Antique Weapon Shop.
 24636 | Snake:3  | Noticed Vashnia
 24663 | Snake:3  | Killed Vashnia
 24663 | Snake:3  | Reached skill level 11 in Shields
 24691 | Snake:3  | Received a gift from Trog
 24980 | Snake:3  | Noticed Roxanne
 25505 | Snake:3  | Found a runed translucent gate.
 25506 | Snake:3  | Found a runed translucent gate.
 25508 | Snake:3  | Found a runed translucent gate.
 25508 | Snake:3  | Noticed Musoz's ghost (adept MfIE)
 25509 | Snake:3  | Noticed Emealox's ghost (adept SpWn)
 25533 | Snake:3  | Found Faruphui's Gadget Emporium.
 25570 | Snake:3  | Found Afebbof's Distillery.
 25570 | Snake:3  | Found Zacitev's Antique Armour Shoppe.
 25573 | Snake:3  | Found Mola's Armour Shoppe.
 25610 | Snake:3  | Noticed Agnes
 25633 | Snake:3  | Killed Agnes
 25658 | Snake:3  | Bought a runed plate armour for 754 gold pieces
 25658 | Snake:3  | Bought a glowing plate armour for 754 gold pieces
 25948 | Snake:4  | Entered Level 4 of the Snake Pit
 26068 | Snake:4  | Reached XP level 17. HP: 136/144 MP: 23/23
 26207 | Snake:4  | Reached skill level 12 in Shields
 26813 | Snake:4  | Received a gift from Trog
 27082 | Snake:4  | Received a gift from Trog
 27358 | Snake:4  | Reached skill level 13 in Shields
 27658 | Snake:4  | Got a serpentine rune of Zot
 27896 | Shoals:1 | Entered Level 1 of the Shoals
 28108 | Shoals:1 | Received a gift from Trog
 28633 | Shoals:2 | Received a gift from Trog
 28906 | Shoals:2 | Reached XP level 18. HP: 159/159 MP: 24/24
 28911 | Shoals:2 | Reached skill level 14 in Shields
 29313 | Shoals:2 | Reached skill level 5 in Dodging
 29859 | Shoals:3 | Received a gift from Trog
 29863 | Shoals:3 | Found a sacrificial altar of Ru.
 30344 | Shoals:4 | Entered Level 4 of the Shoals
 30611 | Shoals:4 | Reached skill level 10 in Dodging
 30918 | Shoals:4 | Got a barnacled rune of Zot
 30980 | Shoals:4 | Received a gift from Trog
 31127 | Shoals:4 | Identified the ring "Woihiagh" {rC+ Dex+3} (You found it on
                  | level 4 of the Shoals)
 31318 | Shoals:4 | Identified the ring of Ofawyo {rN+ Slay+2} (You found it on
                  | level 4 of the Shoals)
 32140 | Vaults:1 | Entered Level 1 of the Vaults
 32199 | Vaults:1 | Received a gift from Trog
 32268 | Vaults:1 | Found Eqalab's Armour Boutique.
 32418 | Vaults:1 | Noticed Nikola
 32476 | Vaults:1 | Reached XP level 19. HP: 169/169 MP: 25/25
 32477 | Vaults:1 | Killed Nikola
 32477 | Vaults:1 | Reached skill level 15 in Shields
 32496 | Vaults:1 | Reached skill level 15 in Fighting
 32857 | Vaults:1 | Reached skill level 15 in Armour
 33400 | Vaults:1 | Received a gift from Trog
 33751 | Vaults:2 | Found the +5 demon whip "Spellbinder" {antimagic, MR+}
 34098 | Vaults:2 | Received a gift from Trog
 34360 | Vaults:2 | Received a gift from Trog
 34437 | Vaults:2 | Reached skill level 16 in Shields
 34459 | Vaults:2 | Received a gift from Trog
 34682 | Vaults:2 | Found a staircase to the Crypt.
 34682 | Vaults:2 | Found a basalt altar of Yredelemnul.
 34683 | Vaults:2 | Found an ancient bone altar of Kikubaaqudgha.
 34982 | Vaults:2 | Identified the +4 shield "Xixodeo" {Str+5 Int+4}
 34982 | Vaults:2 | Noticed Asterion
 34990 | Vaults:2 | Killed Asterion
 35255 | Vaults:2 | You fall into a shaft and drop 1 floor!
 35325 | Vaults:3 | Received a gift from Trog
 35754 | Vaults:3 | Reached skill level 1 in Stealth
 35929 | Vaults:3 | Received a gift from Trog
 36227 | Vaults:3 | Paralysed by a sphinx for 4 turns
 36564 | Vaults:4 | Found a ruined gateway.
 36577 | Vaults:4 | Reached skill level 5 in Stealth
 36577 | Vaults:4 | Reached XP level 20. HP: 170/182 MP: 13/26
 36592 | Desolati | Entered the Desolation of Salt
 36636 | Desolati | Got a brightly glowing bronze ring
 36638 | Desolati | Identified the ring "Tuvval" {*Tele SInv} (You found it in
                  | the Desolation of Salt)
 36671 | Desolati | Found the +12 Vampire's Tooth {vamp}
 36681 | Desolati | Got a pair of ichor-stained boots
 36692 | Desolati | Identified the +0 pair of boots of Supple Strength {Slay+2}
                  | (You found it in the Desolation of Salt)
 36856 | Desolati | Found the +8 demon blade "Bloodbane" {slice, *Rage +Rage
                  | Stlth-}
 36907 | Desolati | Got a pitted chain mail
 36918 | Desolati | Identified the +7 chain mail of Emuoz {rElec rPois} (You
                  | found it in the Desolation of Salt)
 37005 | Desolati | Received a gift from Trog
 37085 | Desolati | Identified the ring "Daizir" {Wiz +Blink Str+3 Int+2}
 37089 | Desolati | Received a gift from Trog
 37124 | Desolati | Identified the Almanac of the Unstable Arsonist
 37136 | Desolati | Got a transparent plate armour
 37147 | Desolati | Identified the +2 plate armour "Xizitrow" {rC+ MR+} (You
                  | found it in the Desolation of Salt)
 37374 | Desolati | Received a gift from Trog
 37697 | Vaults:4 | Noticed Margery
 37720 | Vaults:4 | Killed Margery
 37720 | Vaults:4 | Received a gift from Trog
 37794 | Vaults:4 | Found Lodou's Assorted Antiques.
 38528 | Vaults:4 | Paralysed by a hornet for 2 turns
 38776 | Vaults:4 | Reached XP level 21. HP: 165/189 MP: 30/30
 38787 | Vaults:4 | Received a gift from Trog
 39226 | Elf:1    | Entered Level 1 of the Elven Halls
 39612 | Elf:1    | Found Doigot's Armour Shop.
 39625 | Elf:1    | Received a gift from Trog
 39631 | Elf:1    | Found Viovvoug's General Store.
 39697 | Elf:1    | Found a portal to a secret trove of treasure.
 39726 | Elf:1    | Found Uhumnoegg's Antique Armour Emporium.
 39729 | Elf:1    | Found Veeho's Antique Weapon Emporium.
 39736 | Elf:1    | Bought a pair of runed gloves for 172 gold pieces
 40271 | Elf:2    | Received a gift from Trog
 40674 | Elf:2    | Reached skill level 17 in Shields
 40845 | Elf:2    | Found a runed translucent gate.
 40845 | Elf:2    | Found a runed translucent gate.
 40845 | Elf:2    | Found a runed translucent gate.
 41410 | Elf:2    | Received a gift from Trog
 41812 | Elf:2    | Received a gift from Trog
 41852 | Elf:3    | Entered Level 3 of the Elven Halls
 41992 | Elf:3    | Noticed Louise
 41997 | Elf:3    | Killed Louise
 42684 | Elf:3    | Identified the cursed +1 flail "Bugik" {speed, rF+}
 42714 | Elf:3    | Received a gift from Trog
 42718 | Elf:3    | Identified the ring of Decsuja {rF+ rN+ SInv}
 42862 | Elf:3    | Received a gift from Trog
 42862 | Elf:3    | Reached skill level 18 in Shields
 42999 | Elf:3    | Identified the amulet of Cify {*Slow +Rage rF+ MP+9} (You
                  | found it on level 3 of the Elven Halls)
 43655 | Vaults:5 | Entered Level 5 of the Vaults
 43660 | Vaults:5 | Reached XP level 22. HP: 194/202 MP: 28/31
 43813 | Vaults:5 | Found the +8 storm bow {elec, penet}
 43971 | Vaults:5 | Received a gift from Trog
 44022 | Vaults:5 | Found the +3 hat of Pondering {ponderous, MR+ MP+10 Int+5}
 44307 | Vaults:5 | Identified the ring of Keecojah {Str+5 Stlth+}
 44365 | Vaults:5 | Found the +7 pair of quick blades "Gyre" and "Gimble"
                  | {protect}
 44694 | Vaults:5 | Reached skill level 15 in Dodging
 44744 | Vaults:5 | Got a silver rune of Zot
 45284 | Lair:5   | Upgraded the game from 0.24-a0-373-g39439d866b to
                  | 0.24-a0-375-g4de66ed42b
 45503 | Depths:1 | Entered Level 1 of the Depths
 45503 | Depths:1 | Found a one-way gate leading to the halls of Pandemonium.
 45549 | Depths:1 | Received a gift from Trog
 45654 | Depths:1 | Reached XP level 23. HP: 199/211 MP: 10/32
 46066 | Depths:1 | Reached skill level 19 in Shields
 46128 | Depths:1 | Received a gift from Trog
 46260 | Depths:1 | Received a gift from Trog
 46297 | Depths:1 | Found a gateway to Hell.
 46821 | Depths:2 | Noticed a juggernaut
 46831 | Depths:2 | Killed a juggernaut
 46952 | Depths:2 | Noticed Sojobo
 46982 | Depths:2 | Killed Sojobo
 47079 | Depths:2 | Noticed Aizul
 47092 | Depths:2 | Noticed Aizul
 47092 | Depths:2 | Aizul changed into Aizul the emperor scorpion
 47098 | Depths:2 | Killed Aizul the emperor scorpion
 47348 | Depths:2 | Received a gift from Trog
 47952 | Depths:3 | Identified a scroll of acquirement
 48523 | Depths:3 | Reached skill level 20 in Shields
 48601 | Depths:3 | Received a gift from Trog
 48780 | Depths:3 | Reached XP level 24. HP: 223/223 MP: 31/33
 48859 | Depths:3 | Gained mutation: You do not regenerate when monsters are
                  | visible. [a neqoxec]
 48889 | Depths:3 | Lost mutation: You do not regenerate when monsters are
                  | visible. [potion of mutation]
 48889 | Depths:3 | Gained mutation: Your muscles are strong. (Str +2) [potion
                  | of mutation]
 48889 | Depths:3 | Gained mutation: You have a pair of large horns on your
                  | head. [potion of mutation]
 48889 | Depths:3 | Gained mutation: You are robust. (+10% HP) [potion of
                  | mutation]
 49233 | Depths:3 | Reached skill level 15 in Evocations
 49478 | Depths:3 | Noticed Mennas
 49497 | Depths:3 | Killed Mennas
 49625 | Depths:3 | Received a gift from Trog
 49798 | Depths:3 | Reached skill level 21 in Shields
 49917 | Depths:4 | Found a gateway to a ziggurat.
 50038 | Depths:4 | Received a gift from Trog
 50067 | Depths:4 | Found a transporter.
 50078 | Depths:4 | Noticed a juggernaut
 50118 | Depths:4 | Found a transporter.
 50133 | Depths:4 | Found a one-way gate to the infinite horrors of the Abyss.
 50470 | Depths:5 | Entered Level 5 of the Depths
 50857 | Depths:4 | Killed a juggernaut
 50863 | Depths:4 | Reached skill level 22 in Shields
 50929 | Depths:4 | Received a gift from Trog
 50946 | Depths:4 | Got a heavily runed silver ring
 50948 | Depths:4 | Identified the ring "Saufuomopi" {Ice rElec} (You found it
                  | on level 4 of the Depths)
 50956 | Depths:4 | Got a pair of slimy gloves
 50967 | Depths:4 | Identified the +2 pair of gloves "Yloinanlad" {-Cast rF+
                  | Slay+6} (You found it on level 4 of the Depths)
 51245 | Depths:5 | Found a gate to the Realm of Zot.
 51258 | Depths:5 | Received a gift from Trog
 51344 | Depths:5 | Reached skill level 23 in Shields
 51538 | Depths:5 | Reached XP level 25. HP: 256/256 MP: 33/33
 52005 | Depths:4 | Voluntarily entered the Abyss.
 52006 | Abyss:1  | Found a blossoming altar of Fedhas.
 52017 | Abyss:2  | Found a corrupted altar of Lugonu.
 52449 | Abyss:4  | Received a gift from Trog
 52686 | Abyss:4  | Received a gift from Trog
 52740 | Abyss:4  | Reached skill level 24 in Shields
 52793 | Abyss:4  | Got an abyssal rune of Zot
 53159 | Depths:4 | Escaped the Abyss
 53569 | Lair:5   | Found a staircase to the Slime Pits.
 53636 | Slime:1  | Entered Level 1 of the Pits of Slime
 53958 | Slime:2  | Received a gift from Trog
 53975 | Slime:2  | Received a gift from Trog
 54525 | Slime:3  | HP: 3/258 [enormous slime creature (22)]
 54526 | Slime:3  | Mangled by a titanic slime creature

Levels and vault maps discovered:
D:1:      giann_wishing_wells, layout_rooms, minmay_misc_feat_ornament,
          minmay_misc_feat_hallway
D:2:      layout_loops_ring, xom_redecorated, grunt_temple_overflow_open,
          minmay_increasing_density, uniq_jessica
D:3:      layout_loops_ring, first_ration, hangedman_decor_points
D:4:      layout_gridville, minmay_temple_entry_poolview, serial_shops,
          nicolae_shop_crystal, uniq_robin, uniq_duvessa
D:5:      kennysheep_big_flooded_room, layout_rooms, trog_book
D:6:      layout_loops_corners, uniq_pikel
D:7:      layout_basic, grunt_dithmenos_smoke_and_mirrors, basic_altar,
          uniq_prince_ribbit1
D:8:      layout_loops_ring, grunt_livestock
D:9:      layout_roguey, hive_lemuel, uniq_harold, uniq_grum
D:10:     layout_basic, special_room [special_room_orc], basic_altar
D:11:     layout_gridville, erik_lair_orcish_takeover, orc_david_3,
          serial_shops, nicolae_shop_window_shopping, shop_statue,
          shop_fountains, st_stairs_9, hangedman_decor_lopped, uniq_nergalle
D:12:     layout_loops_ring, serial_shops, shop, minmay_guarded_unrand_curses
D:13:     layout_loops_ring, nzn_random_ring
D:14:     layout_cave_pools, grunt_vaults_entry_tiered, serial_shops,
          shop_fountains, serial_column_ruins, column_ruins_hut,
          column_ruins_grid_2, column_ruins_columns_corner, column_ruins_grid_1,
          column_ruins_open_tiny, column_ruins_columns_straight,
          kennysheep_cross_room
D:15:     gammafunk_enter_depths_forms, layout_loops_cross,
          nicolae_ru_awakened_eye
Lair:1:   layout_loops_ring, lemuel_fruit_tree
Lair:2:   layout_small_grid
Lair:3:   lemuel_ratsnest, layout_regular_city, dummy_snake_entry,
          serial_bayou_pond_e, small_statue_intersection, uniq_snorg
Lair:4:   layout_roguey [special_room_mythical_zoo], minmay_shoals_entry_beasts,
          wad_woods_02, uniq_josephine, uniq_urug, uniq_kirke
Lair:5:   layout_regular_city, minmay_slime_entry_oklob_enclosed, basic_altar,
          minmay_stone_trees_small, beast_lair_carwin_7, grunt_megastairs_1
Lair:6:   evilmike_catoblepas_cave, layout_regular_city, eino_house_with_fridge
Shoals:1: layout_shoals
Shoals:2: layout_shoals, nicolae_shoals_mertower
Shoals:3: layout_shoals, nicolae_shoals_seven_spires, lemuel_oklob_altar
Shoals:4: shoals_end_simple, layout_shoals
Snake:1:  layout_misc_corridors
Snake:2:  layout_misc_corridors, grunt_ministairs_5, drop_trap, st_stairs_3,
          serial_bayou_pond_e, minmay_shop_star
Snake:3:  layout_misc_corridors, gammafunk_ghost_cemetery, grunt_ministairs_6,
          nicolae_snake_single_loop, st_stairs_1, minmay_shoptagon,
          uniq_vashnia, uniq_roxanne, uniq_agnes
Snake:4:  snake_pit, layout_basic
Slime:1:  layout_caves, cheibrodos_slime_lost_civilization_4
Slime:2:  layout_caves
Slime:3:  layout_caves
Orc:1:    layout_caves, serial_shops, shop
Orc:2:    st_orc_open, layout_diamond_mine, basic_altar, gammafunk_ghost_grave,
          uniq_azrael
Elf:1:    layout_loops_cross, serial_shops, shop_statue, shop, shop,
          nicolae_shop_waterfront, enter_trove_1, minivault_28
Elf:2:    layout_geoelf_grid, fake_guardian_serpent_vault
Elf:3:    minmay_elf_hall_x, layout_gridlike, uniq_louise
Vaults:1: nicolae_vaults_shelves_hall, hangedman_vaults_pinch,
          ontoclasm_vaults_spin, v_misc_1, v_misc_2,
          nicolae_vaults_little_squares_2, grunt_vaults_hallway_short,
          vaults_room_stairs_pillars, nicolae_vaults_mini_display_case,
          vaults_room_hallway, ontoclasm_vaults_chip,
          layout_vaults_chaotic_city, serial_shops, shop, uniq_nikola
Vaults:2: nicolae_vaults_network_periphery, v_misc_1, hangedman_vaults_stream,
          hangedman_vaults_nails, ontoclasm_vaults_eye,
          minmay_crypt_entry_necro_gods, hangedman_vaults_nails, v_misc_16,
          ontoclasm_vaults_idyll, vaults_mumra_lcd, v_misc_16,
          vaults_room_semicircle, layout_vaults_ring, uniq_asterion
Vaults:3: v_rooms_3, v_misc_8, nicolae_vaults_alarming,
          hangedman_vaults_capsules, nicolae_vaults_asterisk,
          layout_vaults_omnigrid
Vaults:4: v_misc_24, hangedman_vaults_cutoff, vaults_mumra_chevron_long,
          v_misc_18, grunt_vaults_diagonal, vaults_mumra_hex,
          hangedman_vaults_snaps, nicolae_vaults_stairing_the_circle,
          nicolae_vaults_network_star, vaults_room_large_hall,
          nicolae_vaults_angled_halls, layout_vaults_omnibox,
          portal_desolation_entry_twin_temple, serial_shops, shop, uniq_margery
Vaults:5: serial_shops
Depths:1: layout_gridlike, pan_entry, pf_hell_entry_tar_river,
          hangedman_abyss_or_decor_stagger, minislime_mu, serial_bayou_shore_a
Depths:2: vault_1, layout_cave_pools, grunt_decor_one_mirror, lightli_too_deep,
          minmay_staircase_statues, uniq_sojobo, uniq_aizul
Depths:3: minmay_quarter_circles, layout_basic, grunt_pan_entry_spiral,
          hell_entry, infiniplex_staircase_x, uniq_mennas
Depths:4: gammafunk_the_bubble [the_bubble_gammafunk_crates], layout_cave_pools,
          enter_ziggurat_a, minmay_holes, hell_entry, abyss_entry, drop_trap,
          infiniplex_staircase_door_maze
Depths:5: evilmike_zot_entry_round, layout_cave_pools, hell_entry,
          chequers_big_river

Skill      XL: |  1  2  3  4  5  6  7  8  9 10 11 12 13 14 15 16 17 18 19 20 21 22 23 24 25 |
---------------+----------------------------------------------------------------------------+-----
Maces & Flails | 4 5 6 8 9 11 13 14 | 14.2
Throwing       | 1 4 11 15 16 | 16.0
Fighting       | 6 8 11 13 14 16 18 19 20 21 | 21.3
Armour         | 5 8 11 13 14 16 17 18 20 21 22 | 22.2
Shields        | 5 8 11 13 14 16 18 20 23 24 | 24.3
Axes           | 10 15 16 | 16.0
Evocations     | 9 10 13 14 15 16 | 16.3
Dodging        | 10 16 | 16.5
Stealth        | 5 8 |  8.0

Action                   |  1- 3 |  4- 6 |  7- 9 | 10-12 | 13-15 | 16-18 | 19-21 | 22-24 | 25-27 || total
-------------------------+-------+-------+-------+-------+-------+-------+-------+-------+-------++-------
Melee: Mace              |    69 |    47 |       |       |       |       |       |       |       ||   116
       Headbutt          |     8 |    23 |    80 |   175 |   381 |   528 |   488 |   558 |   154 ||  2395
       Whip              |       |    85 |   322 |   141 |       |       |       |       |       ||   548
       Morningstar       |       |       |       |   204 |     6 |       |       |       |       ||   210
       Broad axe         |       |       |       |   503 |   507 |   453 |   425 |   561 |   243 ||  2692
       Demon whip        |       |       |       |       |   788 |  1470 |  1156 |   941 |   187 ||  4542
Throw: Boomerang         |       |     1 |     7 |    34 |    44 |   134 |     7 |       |       ||   227
       Javelin           |       |       |     2 |     1 |    11 |    28 |    91 |    83 |    23 ||   239
       Throwing net      |       |       |     1 |       |       |       |       |       |       ||     1
       Dart              |       |       |       |     4 |     4 |     2 |       |       |       ||    10
Invok: Berserk           |     1 |     2 |     1 |     1 |     1 |       |     1 |     1 |       ||     8
       Trog's Hand       |       |       |     2 |     1 |     2 |     2 |     6 |     3 |     3 ||    19
       Brothers in Arms  |       |       |       |     2 |     1 |     2 |     2 |     2 |       ||     9
 Abil: Evoke Flight      |       |       |       |       |       |    13 |       |       |       ||    13
       Stop Flying       |       |       |       |       |       |     1 |       |       |       ||     1
       Evoke Blink       |       |       |       |       |       |       |     2 |       |       ||     2
Evoke: Wand              |       |     2 |       |       |     1 |    11 |     2 |     1 |       ||    17
  Use: Scroll            |       |    13 |     8 |     9 |     5 |    14 |    17 |     8 |     2 ||    76
       Potion            |       |       |       |       |       |     2 |     4 |     4 |     5 ||    15
 Stab: Held in net/web   |       |       |     1 |       |       |       |       |       |       ||     1
       Petrifying        |       |       |       |       |     4 |       |       |       |       ||     4
       Distracted        |       |       |       |       |       |       |     1 |     4 |       ||     5
       Confused          |       |       |       |       |       |       |     1 |       |       ||     1
  Eat: Chunk             |     3 |     6 |     9 |    23 |    23 |    26 |    37 |    20 |     5 ||   152
       Ration            |       |       |     3 |       |     2 |     4 |     3 |     1 |     2 ||    15
Armor: Animal skin       |    10 |       |       |       |       |       |       |       |       ||    10
       Ring mail         |    12 |    50 |       |       |       |       |       |       |       ||    62
       Chain mail        |       |       |    51 |       |       |       |    29 |       |       ||    80
       Plate armour      |       |       |    77 |   257 |   542 |   536 |   340 |   278 |       ||  2030
       Crystal plate arm |       |       |       |       |       |       |       |    50 |       ||    50
       Gold dragon scale |       |       |       |       |       |       |       |    80 |   155 ||   235
Dodge: Dodged            |    43 |    26 |    36 |   127 |   235 |   413 |   343 |   436 |   120 ||  1779
Block: Buckler           |     1 |       |       |       |       |       |       |       |       ||     1
       Large shield      |    18 |    76 |   162 |   666 |   962 |  1582 |  1211 |  1294 |   426 ||  6397
       Shield            |       |       |       |       |     2 |       |       |       |       ||     2
       Reflection        |       |       |       |       |       |       |       |     3 |    21 ||    24

Table legend:
 A = Non-vault XP
 B = Vault XP
 C = Vault XP percentage of total XP
 D = Non-vault monster count
 E = Vault monster count
 F = Vault count percentage of total count
                 A         B        C        D         E       F
            +---------+---------+-------+---------+---------+-------
      Total |  644239 |  611315 |  48.7 |    1404 |     889 |  38.8
            +---------+---------+-------+---------+---------+-------
        D:1 |      31 |       0 |   0.0 |      19 |       0 |   0.0
        D:2 |      91 |      69 |  43.1 |      18 |      11 |  37.9
        D:3 |     215 |       0 |   0.0 |      25 |       0 |   0.0
        D:4 |     527 |     255 |  32.6 |      26 |      13 |  33.3
        D:5 |     423 |      43 |   9.2 |      17 |       1 |   5.6
        D:6 |     497 |     629 |  55.9 |      13 |       1 |   7.1
        D:7 |    1746 |     259 |  12.9 |      22 |       1 |   4.3
        D:8 |     898 |    1237 |  57.9 |      10 |       7 |  41.2
        D:9 |    1345 |    1200 |  47.2 |      28 |       2 |   6.7
       D:10 |    2518 |     236 |   8.6 |      33 |      23 |  41.1
       D:11 |    1174 |    1444 |  55.2 |      18 |      18 |  50.0
       D:12 |    2920 |    1394 |  32.3 |      19 |       8 |  29.6
       D:13 |   10079 |    5517 |  35.4 |      29 |      17 |  37.0
       D:14 |    5581 |    7884 |  58.6 |      13 |      25 |  65.8
       D:15 |   18491 |    4118 |  18.2 |      51 |       9 |  15.0
     Lair:1 |    4266 |       0 |   0.0 |      17 |       0 |   0.0
     Lair:2 |    4063 |       0 |   0.0 |      15 |       0 |   0.0
     Lair:3 |    3805 |    2258 |  37.2 |      18 |      40 |  69.0
     Lair:4 |    5020 |   12107 |  70.7 |      15 |      42 |  73.7
     Lair:5 |   11315 |    4308 |  27.6 |      32 |      10 |  23.8
     Lair:6 |   14491 |   12627 |  46.6 |      37 |      35 |  48.6
   Shoals:1 |   10980 |       0 |   0.0 |      24 |       0 |   0.0
   Shoals:2 |   27405 |    5105 |  15.7 |      48 |       6 |  11.1
   Shoals:3 |   14657 |       0 |   0.0 |      30 |       0 |   0.0
   Shoals:4 |   18822 |   20230 |  51.8 |      41 |      37 |  47.4
    Snake:1 |    7573 |       0 |   0.0 |      18 |       0 |   0.0
    Snake:2 |    7302 |    1964 |  21.2 |      14 |       4 |  22.2
    Snake:3 |    9109 |   11080 |  54.9 |      15 |      14 |  48.3
    Snake:4 |   23573 |   29281 |  55.4 |      51 |      45 |  46.9
    Slime:1 |    4192 |       0 |   0.0 |       2 |       0 |   0.0
    Slime:2 |   14470 |       0 |   0.0 |      39 |       0 |   0.0
    Slime:3 |    2511 |       0 |   0.0 |       1 |       0 |   0.0
      Orc:1 |    4377 |    1442 |  24.8 |      34 |       4 |  10.5
      Orc:2 |    6522 |   18034 |  73.4 |      27 |      42 |  60.9
      Elf:1 |   15551 |    4488 |  22.4 |      24 |      12 |  33.3
      Elf:2 |   18245 |   21559 |  54.2 |      26 |      28 |  51.9
      Elf:3 |    6994 |   46245 |  86.9 |      11 |      36 |  76.6
   Vaults:1 |   22050 |   20850 |  48.6 |      38 |      27 |  41.5
   Vaults:2 |   27697 |   16589 |  37.5 |      44 |      27 |  38.0
   Vaults:3 |   16723 |    5619 |  25.1 |      31 |       7 |  18.4
   Vaults:4 |   39641 |   34463 |  46.5 |      67 |      36 |  35.0
   Vaults:5 |   22181 |  101233 |  82.0 |      31 |      79 |  71.8
   Depths:1 |   33758 |    7818 |  18.8 |      54 |      20 |  27.0
   Depths:2 |   25721 |   41427 |  61.7 |      33 |      34 |  50.7
   Depths:3 |   52130 |   49269 |  48.6 |      55 |      46 |  45.5
   Depths:4 |   18423 |   42150 |  69.6 |      18 |      22 |  55.0
   Depths:5 |   53392 |   17735 |  24.9 |      58 |      12 |  17.1
    Abyss:2 |   16778 |       0 |   0.0 |      30 |       0 |   0.0
    Abyss:3 |    1909 |       0 |   0.0 |       3 |       0 |   0.0
    Abyss:4 |   32057 |   11072 |  25.7 |      62 |       7 |  10.1
 Desolation |       0 |   48077 | 100.0 |       0 |      81 | 100.0
            +---------+---------+-------+---------+---------+-------
